 Dungeon Crawl Stone Soup version 0.17-a0-1447-g3d113ad (console) character file.

332 Fusha the Sneak (level 6, 0/42 HPs)
             Began as an Octopode Wanderer on June 29, 2015.
             Slain by a hobgoblin
             ... wielding a +0 club
              (3 damage)
             ... on level 3 of the Dungeon.
             The game lasted 00:14:16 (4080 turns).

Fusha the Sneak (Octopode Wanderer)                 Turns: 4080, Time: 00:14:16

Health: 0/42       AC:  1    Str: 13    XL:     6   Next: 52%
Magic:  0/6        EV: 11    Int: 16    God:
Gold:   33         SH:  0    Dex: 10    Spells: 0 memorised, 5 levels left

rFire  . . .     SeeInvis .     b - +2 hand crossbow
rCold  . . .     Clarity  .     (no shield)
rNeg   . . .     SustAt   .     (helmet restricted)
rPois  .         Gourm    .     k - amulet of guardian spirit
rElec  .         Spirit   +     (no ring)
rCorr  .         Warding  .     (no ring)
rMut   .         Stasis   .     (no ring)
MR     .....                    (no ring)
Stlth  ++++......               (no ring)
                                (no ring)
                                (no ring)
                                (no ring)

@: about to teleport, not resistant to hostile enchantments, stealthy
A: almost no armour, amphibious, 8 rings, constrict 8, camouflage 1, gelatinous
body 1
a: no special abilities


You were on level 3 of the Dungeon.
You were not hungry.

You visited 1 branch of the dungeon, and saw 6 of its levels.

You collected 149 gold pieces.
You spent 116 gold pieces at shops.

Inventory:

Hand weapons
 a - a +0 mace of protection
 b - a +2 hand crossbow (weapon)
 e - a +0 blowgun
 l - a +0 hand axe
Missiles
 d - 28 poisoned needles
 q - 34 bolts (quivered)
Jewellery
 k - an amulet of guardian spirit (around mantle)
 m - an uncursed amulet of regeneration {unknown}
Magical devices
 w - a wand of digging (6)
Scrolls
 g - 2 scrolls of noise {unknown}
 i - 2 scrolls of teleportation
 n - 3 scrolls of magic mapping {unknown}
 r - a scroll of fear {unknown}
 s - 2 scrolls of recharging {unknown}
 t - a scroll of enchant weapon {unknown}
Potions
 h - a potion of agility
 j - 4 potions of brilliance
 o - a potion of flight
 v - 2 potions of might
Comestibles
 f - 3 bread rations
 p - a meat ration


   Skills:
 - Level 3.0 Fighting
 - Level 2.0 Axes
 + Level 5.3 Crossbows
 - Level 2.0 Throwing
 - Level 6.4 Stealth


You had 5 spell levels left.
You didn't know any spells.

Dungeon Overview and Level Annotations

Branches:
Dungeon (6/15)
 Temple: D:4-7

Altars:
The Shining One

Shops:
D:5 *

Annotations:
D:2 Sigmund
D:4 Grinder
D:5 Pikel
D:6 braks's ghost, experienced CeGl


Innate Abilities, Weirdness & Mutations

You cannot wear most types of armour.
You are amphibious.
You can wear up to eight rings at the same time.
You can use your tentacles to constrict eight enemies at once.
Your skin changes colour to match your surroundings (Stealth).
Your rubbery body absorbs attacks (AC +1).


Message History

You barely miss the orc priest.
The orc priest is moderately wounded.
The orc priest barely misses you. The hobgoblin hits you with a club.
You bump into the rock wall.
You feel less invigorated.
You feel less confused. The orc priest closely misses you.
The hobgoblin hits you with a club.
Wield which item (- for none, * to show all)? (? for menu, Esc to quit)
Okay, then.
Evoke which item? (* to show all) (? for menu, Esc to quit)
Okay, then.
Read which item? (? for menu, Esc to quit)
As you read the scroll of teleportation, it crumbles to dust.
You feel strangely unstable.
The orc priest invokes the aid of Beogh against you.
Something smites you!
* * * LOW HITPOINT WARNING * * *
The hobgoblin hits you with a club!
* * * LOW HITPOINT WARNING * * *
The hobgoblin hits you with a club.
You die...

############ #........#.##
#.[.......((# #...........#
######...........#########
..[......................######
######..........(####.........#
####.........go# #.......##.#
##...........#.@###..........#
#..##.....)..##...#........###
##.# #...[.[..####.##.....###
.o.####.......# #..(..)..##
.#...o..<#....####.........#
#####.........##...........#
...............#...........#
####...........##########.##
#...........# ##>## #.##


You could see an orc priest and a hobgoblin.

Vanquished Creatures
  A black bear (D:6)
  A slave (D:5)
  A crimson imp (D:6)
  An orc wizard (D:3)
  A jelly (D:6)
  Jessica (D:3)
  4 adders
  2 oozes
  A worm (D:3)
  5 orcs
  A ball python (D:1)
  7 bats
  3 bat skeletons
  3 giant cockroaches
  7 hobgoblins
  7 jackals
  6 kobolds
  2 giant geckos (D:1)
  A giant newt (D:3)
  9 goblins
  7 rats
71 creatures vanquished.

Notes
Turn   | Place    | Note
--------------------------------------------------------------
     0 | D:1      | Fusha the Octopode Wanderer began the quest for the Orb.
     0 | D:1      | Fusha set off with: a +2 hand crossbow, 27 bolts, a potion of curing, 13 poisoned needles, a +0 blowgun, a bread ration
     0 | D:1      | Reached XP level 1. HP: 16/16 MP: 1/1
    15 | D:1      | Reached skill level 1 in Stealth
   260 | D:1      | Reached XP level 2. HP: 17/21 MP: 2/2
  1374 | D:2      | Reached XP level 3. HP: 26/26 MP: 3/3
  1406 | D:2      | Reached skill level 4 in Stealth
  1720 | D:2      | Noticed Sigmund
  1863 | D:3      | Found a glowing golden altar of the Shining One.
  1901 | D:2      | Reached skill level 5 in Stealth
  1901 | D:2      | Reached XP level 4. HP: 21/31 MP: 4/4
  3079 | D:3      | You fall through a shaft for 3 floors!
  3084 | D:6      | Reached skill level 6 in Stealth
  3084 | D:6      | Reached XP level 5. HP: 36/36 MP: 5/5
  3159 | D:6      | Noticed a black bear
  3163 | D:6      | Killed a black bear
  3163 | D:6      | Reached XP level 6. HP: 42/42 MP: 6/6
  3175 | D:6      | Noticed braks's ghost (experienced CeGl)
  3421 | D:5      | Entered Level 5 of the Dungeon
  3534 | D:5      | Found Soilekaa's Assorted Antiques.
  3539 | D:5      | Bought a scroll labeled VEICANLOTH for 29 gold pieces
  3539 | D:5      | Bought a scroll labeled GEYREURGH UPON for 29 gold pieces
  3539 | D:5      | Bought a scroll labeled GEYREURGH UPON for 29 gold pieces
  3539 | D:5      | Bought a scroll labeled PIPRUA FYROMIU for 29 gold pieces
  3586 | D:5      | Noticed Pikel
  3771 | D:4      | Noticed Grinder
  3968 | D:3      | Noticed Jessica
  3983 | D:3      | Killed Jessica
  3983 | D:3      | Reached skill level 5 in Crossbows
  4071 | D:3      | HP: 1/42 [orc priest/morningstar (11)]
  4080 | D:3      | Slain by a hobgoblin

Vault maps used:
D:1:      scummos_arrival_simple_fountains
D:2:      minmay_bad_closet, uniq_sigmund, uniq_crazy_yiuf_cottage
D:3:      nicolae_overflow_hidden_temple, nicolae_overflow_crystal_walls,
          first_bread, uniq_jessica
D:4:      old_forge, lemuel_coloured_pillars_altar, uniq_grinder
D:5:      serial_shops, kennysheep_little_box, uniq_pikel
D:6:      temple_green

Action                   |  1- 3 |  4- 6 || total
-------------------------+-------+-------++-------
Melee: Unarmed           |    89 |    46 ||   135
       Mace              |       |    56 ||    56
       Hand crossbow     |       |     3 ||     3
 Fire: Hand crossbow     |       |    15 ||    15
  Use: Scroll            |       |     9 ||     9
       Potion            |       |     5 ||     5
 Stab: Sleeping          |    13 |    14 ||    27
  Eat: Bread ration      |     1 |     1 ||     2
       Meat ration       |       |     1 ||     1
